 Dungeon Crawl Stone Soup version 0.30-a0-949-g53dc5368d7 (webtiles) character file.

Game seed: 10832360620314306101

3387 Jackthecabe the Carver (level 9, -6/69 HPs)
             Began as a Demonspawn Monk on Mar 28, 2023.
             Was a Priest of Qazlal.
             Mangled by an unseen horror simulacrum (10 damage)
             ... on level 8 of the Dungeon.
             The game lasted 00:20:53 (7202 turns).

Jackthecabe the Carver (Demonspawn Monk)            Turns: 7202, Time: 00:20:54

Health: -6/69      AC:  8    Str: 17    XL:     9   Next: 74%
Magic:  0/15       EV: 15    Int: 12    God:    Qazlal [***...]
Gold:   392        SH:  4    Dex: 20    Spells: 8/8 levels left

rFire   . . .      SeeInvis .    a - +0 falchion
rCold   . . .      Faith    .    (no shield)
rNeg    + + .      Spirit   +    q - +1 leather armour "Duph" {rN+}
rPois   .          Reflect  .    (no helmet)
rElec   .          Rampage  .    A - +2 cloak
rCorr   .                        E - +0 pair of gloves
Will    .....                    (no boots)
Stlth   +                        x - amulet of guardian spirit
HPRegen 0.31/turn                N - ring of positive energy
MPRegen 0.14/turn                S - +6 ring of strength

@: mighty
A: powered by death 1, powered by pain 2, demonic touch 1
a: Renounce Religion, Upheaval, Elemental Force


You were on level 8 of the Dungeon.
You worshipped Qazlal.
Qazlal was most pleased with you.
You visited 1 branch of the dungeon, and saw 8 of its levels.
You also visited: Sewer.

You collected 392 gold pieces.


Innate Abilities, Weirdness & Mutations

You regenerate a little health from kills.
You sometimes gain power by taking damage.
Your touch may inflict minor irresistible damage on your foes.


   Skills:
 - Level 6.0 Fighting
 - Level 8.0 Long Blades
 - Level 6.0 Dodging
 - Level 1.7 Stealth
 + Level 4.6 Shields
 - Level 8.0 Invocations


You had 8 spell levels left.
You didn't know any spells.
Your spell library contained the following spells:

 Spells                   Type           Power      Damage    Failure   Level
 Kiss of Death            Conj/Necr      0%         2d5       38%         1
 Slow                     Hex            0%         N/A       38%         1
 Confusing Touch          Hex            0%         N/A       77%         3
 Dazzling Flash           Conj/Hex       0%         N/A       77%         3
 Vampiric Draining        Necr           0%         2d6       77%         3
 Dispel Undead            Necr           0%         3d6       99%         4
 Agony                    Necr           0%         N/A       100%        5
 Silence                  Hex/Air        0%         N/A       100%        5

Inventory:

Hand Weapons
 a - a +0 falchion (weapon)
Missiles
 o - 7 throwing nets {=f}
 I - 2 poisoned darts
Armour
 q - the +1 leather armour "Duph" (worn) {rN+}
   (You found it on level 2 of the Dungeon)

   rN:        It protects you from negative energy.
 A - a +2 cloak (worn)
 E - a +0 pair of gloves (worn)
 H - a +0 buckler
Jewellery
 x - an amulet of guardian spirit (around neck)
 N - a ring of positive energy (left hand)
 S - a +6 ring of strength (right hand)
Wands
 v - a wand of flame (44)
 z - a wand of iceblast (3)
 L - a wand of paralysis (6)
Scrolls
 b - 2 scrolls of silence {unknown}
 d - a scroll of identify {@r1}
 e - 3 scrolls of enchant weapon
 f - 5 scrolls of teleportation {@r2}
 g - 2 scrolls of fear {unknown}
 h - 2 scrolls of magic mapping
 j - 2 scrolls of enchant armour {unknown}
 k - 3 scrolls of poison {unknown}
 s - 2 scrolls of immolation {unknown}
 t - a scroll of butterflies {unknown}
 y - a scroll of blinking {unknown}
 B - 2 scrolls of vulnerability {unknown}
 F - 2 scrolls of fog {unknown}
Potions
 c - 2 potions of ambrosia
 i - 4 potions of haste {@q3}
 l - 5 potions of lignification
 m - 8 potions of flight
 n - a potion of curing {@q1}
 p - 2 potions of degeneration
 u - 2 potions of invisibility
 D - a potion of mutation {unknown}
 G - 2 potions of magic {unknown}
 M - 2 potions of might

Dungeon Overview and Level Annotations

Branches:
Dungeon (8/15)             Temple (0/1) D:7           Sewer (visited)
   Lair: D:8-11

Altars:
Qazlal

Annotations:
D:2 Sigmund
D:5 1 runed translucent door, Crazy Yiuf
D:8 Amaemon

..............#..
..........#.......
..........#.......
.................Z
..............Z...
#.#... #..........#
.......##.........##.#
................○...#
...............@Z...#
..............#......#
..............##.......
###..........##...>...
##.#.........####.#..#.
#........##..## .####
#....).[..#...# ##
##.....[........
#..##.<...##......


You could see an unseen horror simulacrum.


Message History

* * * LOW HITPOINT WARNING * * *
The unseen horror simulacrum freezes you!
* * * LOW HITPOINT WARNING * * *
You focus on the pain.
You feel your power returning.
The unseen horror simulacrum barely misses you.
Use which ability? (? or * to list)
Aiming: Upheaval
Press: ? - help, Dir - move target, p - unseen horror simulacrum A blizzard blasts the area with ice!
The blast of ice hits the unseen horror simulacrum.
The unseen horror simulacrum partially resists.
The unseen horror simulacrum is moderately damaged.
The unseen horror simulacrum is flash-frozen.
The unseen horror simulacrum hits you!
* * * LOW HITPOINT WARNING * * *
The unseen horror simulacrum freezes you!
* * * LOW HITPOINT WARNING * * *
You block the unseen horror simulacrum's attack.
Unknown command.
Use which ability? (? or * to list)
Aiming: Upheaval
Press: ? - help, Dir - move target A blizzard blasts the area with ice!
The unseen horror simulacrum is no longer encased in ice.
The unseen horror simulacrum barely misses you.
The unseen horror simulacrum closely misses you.
The unseen horror simulacrum hits you.
* * * LOW HITPOINT WARNING * * *
The unseen horror simulacrum freezes you!
You die...

Skill      XL: |  1  2  3  4  5  6  7  8  9 |
---------------+----------------------------+-----
Long Blades    | 3 4 6 8 |  8.0
Fighting       | 4 6 |  6.0
Invocations    | 3 4 8 |  8.0
Dodging        | 5 6 |  6.0
Shields        | 4 |  4.6
Stealth        | |  1.7

Action                     |  1- 3 |  4- 6 |  7- 9 || total
---------------------------+-------+-------+-------++-------
  Melee: Falchion          |    96 |   273 |   260 ||   629
         Punch             |       |     2 |     2 ||     4
         Touch             |       |    11 |    55 ||    66
         Unarmed           |       |       |     9 ||     9
 Invoke: Upheaval          |       |     1 |     7 ||     8
         Elemental Force   |       |       |     1 ||     1
  Evoke: Wand              |       |     3 |     1 ||     4
    Use: Scroll            |       |       |    11 ||    11
         Potion            |       |       |     1 ||     1
   Stab: Sleeping          |     5 |       |       ||     5
         Paralysed         |       |       |     1 ||     1
 Armour: Robe              |    16 |       |       ||    16
         Leather armour    |     7 |    82 |    76 ||   165
  Dodge: Dodged            |    63 |   145 |   179 ||   387
         Repelled          |       |       |     2 ||     2
  Block: Other             |       |    32 |    79 ||   111

Levels and vault maps discovered:
D:1:      spicycebolla_arrival_transporter_tutorial, layout_basic,
          corexii_leaking_fountain
D:2:      layout_rooms, uniq_sigmund
D:3:      layout_basic, nicolae_qazlal_style_of_elements, kennysheep_crisscross,
          kennysheep_generic_room_13
D:4:      layout_rooms, gup_sewer_entry_bubbles
D:5:      minmay_razor_zed, layout_rooms, serial_demonic, serial_demonic_c,
          serial_demonic_g, serial_demonic_d, serial_demonic_d,
          serial_demonic_g, dreamdust_wishing_well, minivault_19,
          uniq_crazy_yiuf_cottage
D:6:      layout_layer_cave
D:7:      layout_loops_ring, minmay_temple_entry_sparse_star, uniq_duvessa
D:8:      layout_cave_pools, due_lair_maze_entry_diamond, serial_ice,
          serial_ice_i, serial_ice_e, serial_ice_a, serial_ice_b, uniq_psyche,
          uniq_amaemon, uniq_maggie

Notes
Turn   | Place    | Note
-------+----------+-------------------------------------------
     0 | D:1      | Jackthecabe the Demonspawn Monk began the quest for the
                  | Orb.
     0 | D:1      | Reached XP level 1. HP: 18/18 MP: 1/1
    98 | D:1      | Reached skill level 3 in Long Blades
   178 | D:1      | Gained mutation: You sometimes gain a little power by
                  | taking damage. [demonic ancestry]
   178 | D:1      | Reached XP level 2. HP: 23/24 MP: 2/2
   547 | D:1      | Reached XP level 3. HP: 29/29 MP: 3/3
   813 | D:2      | Noticed Sigmund
   864 | D:2      | Reached skill level 4 in Long Blades
   934 | D:2      | Identified the +1 leather armour "Duph" {rN+}
  1315 | D:3      | Noticed a fire elemental
  1317 | D:3      | Found a stormy altar of Qazlal.
  1319 | D:3      | Noticed an air elemental
  1319 | D:3      | Noticed an earth elemental
  1319 | D:3      | Noticed a water elemental
  1354 | D:3      | Became a worshipper of Qazlal Stormbringer
  1354 | D:3      | Reached * piety under Qazlal
  1354 | D:3      | Reached ** piety under Qazlal
  1390 | D:3      | Reached skill level 4 in Fighting
  1390 | D:3      | Reached XP level 4. HP: 29/37 MP: 4/4
  1434 | D:3      | Reached skill level 1 in Invocations
  1588 | D:3      | Reached skill level 2 in Invocations
  2156 | D:4      | Reached skill level 3 in Invocations
  2190 | D:4      | Gained mutation: You regenerate a little health from kills.
                  | [demonic ancestry]
  2190 | D:4      | Reached XP level 5. HP: 34/42 MP: 5/7
  2210 | D:4      | Reached skill level 4 in Invocations
  2432 | D:4      | Found a glowing drain.
  2450 | D:4      | Reached *** piety under Qazlal
  2454 | Sewer    | Entered a sewer
  2540 | Sewer    | Gained mutation: Your touch may inflict minor irresistible
                  | damage on your foes. [demonic ancestry]
  2540 | Sewer    | Reached XP level 6. HP: 44/48 MP: 9/9
  2640 | Sewer    | Reached skill level 5 in Long Blades
  2903 | D:4      | You fall into a shaft and drop 1 floor!
  2903 | D:5      | Entered Level 5 of the Dungeon
  3096 | D:5      | Reached **** piety under Qazlal
  3119 | D:5      | Reached skill level 6 in Long Blades
  3221 | D:5      | Reached XP level 7. HP: 24/54 MP: 8/10
  3472 | D:5      | Reached skill level 7 in Long Blades
  3978 | D:5      | Reached skill level 8 in Long Blades
  3978 | D:5      | Reached XP level 8. HP: 26/60 MP: 6/11
  4229 | D:5      | Reached skill level 5 in Fighting
  4307 | D:5      | Found a runed translucent door.
  4308 | D:5      | Noticed Crazy Yiuf
  4696 | D:6      | Reached skill level 6 in Fighting
  4696 | D:6      | Reached skill level 3 in Dodging
  4728 | D:6      | Reached skill level 4 in Dodging
  5674 | D:7      | Reached skill level 5 in Dodging
  5807 | D:7      | Found a staircase to the Ecumenical Temple.
  5927 | D:7      | Noticed Duvessa
  5927 | D:7      | Noticed Dowan
  5961 | D:7      | Killed Duvessa
  5966 | D:7      | Killed Dowan
  5967 | D:7      | Gained mutation: You sometimes gain power by taking damage.
                  | [demonic ancestry]
  5967 | D:7      | Reached XP level 9. HP: 31/69 MP: 6/12
  6136 | D:7      | Reached skill level 1 in Shields
  6543 | D:8      | Noticed Psyche
  6563 | D:7      | Reached skill level 6 in Dodging
  6563 | D:7      | Reached skill level 5 in Invocations
  6693 | D:8      | Noticed Amaemon
  6693 | D:8      | Noticed an orange demon
  6698 | D:7      | Reached skill level 2 in Shields
  6835 | D:8      | Noticed Maggie
  6842 | D:8      | Killed Maggie
  6843 | D:8      | Reached skill level 3 in Shields
  6843 | D:8      | Reached skill level 6 in Invocations
  6977 | D:7      | Reached skill level 7 in Invocations
  7134 | D:8      | Killed Psyche
  7135 | D:8      | Reached skill level 4 in Shields
  7193 | D:8      | Reached skill level 8 in Invocations
  7199 | D:8      | HP: 2/69 [unseen horror simulacrum (15)]
  7202 | D:8      | Mangled by an unseen horror simulacrum

Vanquished Creatures
  Maggie (D:8)
  Psyche (D:8)
  A yak (D:8)
  A steam dragon (D:6)
  Duvessa (D:7)
  An orc warrior (D:7)
  A sky beast (D:7)
  An ice beast (D:6)
  2 black bears
  2 ogres (D:5)
  A wolf (D:7)
  A centaur (D:7)
  2 phantoms
  A scorpion (D:5)
  2 bullfrogs
  Dowan (D:7)
  7 killer bees (D:7)
  A howler monkey (D:6)
  A quasit (D:5)
  2 hounds
  A gnoll bouda (D:6)
  2 orc priests
  4 jellies (D:5)
  4 iguanas
  2 orc wizards
  A malarious merfolk avatar (Sewer)
  A sickly merfolk siren (Sewer)
  8 gnolls
  2 river rats (D:4)
  13 adders
  2 shadow imps (D:5)
  5 white imps
  4 ufetubi
  2 worms (D:4)
  4 dart slugs
  15 orcs
  6 bats
  10 endoplasms
  11 giant cockroaches
  7 hobgoblins
  8 jackals
  5 quokkas
  7 ball pythons
  5 frilled lizards
  5 goblins
  8 kobolds
  29 rats
202 creatures vanquished.

Vanquished Creatures (collateral kills)
  3 gnolls (D:6)
3 creatures vanquished.

Vanquished Creatures (others)
  6 demonic plants (D:5)
  26 fungi (D:8)
  34 plants (D:8)
66 creatures vanquished.

Grand Total: 271 creatures vanquished

Table legend: (Time is in decaauts)
 A = Elapsed time spent in this place.
 B = Non-inter-level travel time spent in this place.
 C = Inter-level travel time spent in this place.
 D = Time resting spent in this place.
 E = Time spent auto-exploring this place.
 F = Levels seen in this place.
 G = Mean time per level.
                   A        B        C        D        E       F      G
               +--------+--------+--------+--------+--------+-----+--------+
         Total |   7295 |   6978 |    317 |    849 |   4170 |   9 |  810.6 |
       Dungeon |   6878 |   6561 |    317 |    849 |   3993 |   8 |  859.8 |
         Sewer |    416 |    416 |      0 |      0 |    177 |   1 |  416.0 |
               +--------+--------+--------+--------+--------+-----+--------+

Top non-repeatable levels by time:
     D:7: 1349 daAuts
     D:5: 1275 daAuts
     D:6: 1250 daAuts
     D:3: 922 daAuts
     D:1: 748 daAuts
     D:4: 639 daAuts
     D:2: 493 daAuts
   Sewer: 416 daAuts
     D:8: 199 daAuts

Table legend:
 A = Non-vault XP
 B = Vault XP
 C = Vault XP percentage of total XP
 D = Non-vault monster count
 E = Vault monster count
 F = Vault count percentage of total count
                 A         B        C        D         E       F
            +---------+---------+-------+---------+---------+-------
      Total |    2757 |    2082 |  43.0 |     137 |      68 |  33.2
            +---------+---------+-------+---------+---------+-------
        D:1 |      44 |       0 |   0.0 |      25 |       0 |   0.0
        D:2 |      34 |       0 |   0.0 |      12 |       0 |   0.0
        D:3 |     109 |       4 |   3.5 |      28 |       2 |   6.7
        D:4 |     212 |      52 |  19.7 |      18 |       6 |  25.0
        D:5 |     550 |     607 |  52.5 |      16 |      19 |  54.3
        D:6 |     608 |       0 |   0.0 |      12 |       0 |   0.0
        D:7 |    1042 |     314 |  23.2 |      22 |       3 |  12.0
        D:8 |     158 |     992 |  86.3 |       4 |       3 |  42.9
      Sewer |       0 |     113 | 100.0 |       0 |      35 | 100.0
            +---------+---------+-------+---------+---------+-------
